 Dungeon Crawl Stone Soup version 0.29-a0-459-g97dee8cd24 (webtiles) character file.

Game seed: 8881787383883154043

13003 ders the Thaumaturge (level 12, 0/70 HPs)
             Began as a Djinni Conjurer on May 20, 2022.
             Was an Initiate of Ashenzari.
             Slain by a wraith (10 damage)
             ... on level 10 of the Dungeon.
             The game lasted 00:22:19 (14418 turns).

ders the Thaumaturge (Djinni Conjurer)             Turns: 14418, Time: 00:22:20

Health: 0/70       AC:  7    Str:  6    XL:     12   Next: 27%
Gold:   598        EV: 11    Int: 25    God:    Ashenzari [......] SH:  0 Dex: 12

rFire   + + .      SeeInvis .   q - staff of air
rCold   x . .      Faith    .   (no shield)
rNeg    . . .      Spirit   .   y - +0 troll leather armour
rPois   ∞          Reflect  .   D - +1 helmet
rElec   +          Harm     .   (no cloak)
rCorr   .          Rampage  .   b - +0 pair of gloves "Asceticism of Ashenzari" {Self, Melee} (curse)
Will    +....                   (boots unavailable)
Stlth   +.........              (no amulet)
HPRegen 1.01/turn               (no ring)
MPRegen 0.00/turn               (no ring)

@: flying, slowed, very slow
A: sickness immunity, fire resistance 2, cold vulnerability 1, float, innate
caster, HP casting, extra vitality 1
a: Renounce Religion, Curse Item, Shatter the Chains


You were on level 10 of the Dungeon.
You worshipped Ashenzari.
Ashenzari was noncommittal.
You visited 2 branches of the dungeon, and saw 11 of its levels.
You also visited: Ossuary and Bailey.

You collected 713 gold pieces.
You spent 115 gold pieces at shops.

Inventory:

Missiles
 p - 5 throwing nets
Armour
 a - a +0 robe
 b - the cursed +0 pair of gloves "Asceticism of Ashenzari" (worn) {Self, Melee}
   (You found it on level 6 of the Dungeon)

   It has a curse which improves the following skills: Introspection: Fighting
   and Spellcasting.
   Melee Combat: Short Blades, Long Blades, Axes, Maces & Flails, Polearms,
   Staves and Unarmed Combat.
 y - a +0 troll leather armour (worn)
 D - a +1 helmet (worn)
Magical Staves
 q - a staff of air (weapon)
 v - a staff of fire
Wands
 l - a wand of flame (24)
 u - a wand of polymorph (4)
 B - a wand of charming (2)
Scrolls
 e - 5 scrolls of blinking
 f - 4 scrolls of enchant armour
 g - 2 scrolls of enchant weapon
 h - a scroll of vulnerability {unknown}
 j - 7 scrolls of teleportation
 k - 5 scrolls of poison
 n - 2 scrolls of immolation {unknown}
 o - 3 scrolls of brand weapon {unknown}
 s - 2 scrolls of magic mapping
 t - 5 scrolls of fear
 C - a scroll of identify
Potions
 c - 4 potions of brilliance
 d - a potion of degeneration {unknown}
 i - 2 potions of heal wounds {unknown}
 m - 6 potions of curing
 r - 3 potions of lignification
 w - 2 potions of flight {unknown}
 x - a potion of resistance
 z - 2 potions of ambrosia {unknown}
 A - 2 potions of berserk rage {unknown}
 E - a potion of cancellation {unknown}
 F - 2 potions of might {unknown}


   Skills:
 - Level 2.1 Dodging
 - Level 1.5 Stealth
 + Level 14.8(15.2) Spellcasting


You had 12 spell levels left.
You knew the following spells:

 Your Spells              Type           Power      Damage    Failure   Level
a - Magic Dart            Conj           100%       1d8       0%          1
b - Olgreb's Toxic Radia  Pois           76%        N/A       1%          4
c - Dazzling Flash        Conj/Hex       100%       N/A       1%          3
d - Fulminant Prism       Conj/Hex       38%        3d18      1%          4
e - Iskenderun's Mystic   Conj/Tloc      76%        2d15      1%          4
f - Slow                  Hex            100%       N/A       0%          1
g - Poisonous Vapours     Pois/Air       100%       N/A       0%          2
h - Frozen Ramparts       Ice            100%       1d12      1%          3
i - Searing Ray           Conj           100%       2d8       0%          2
j - Agony                 Necr           76%        N/A       1%          5
Your spell library was empty.

Dungeon Overview and Level Annotations

Branches:
Dungeon (10/15)            Temple (1/1) D:4            Lair (0/6) D:10
Ossuary (visited)          Bailey (visited)
    Orc: D:9-12

Altars:
Ashenzari
Cheibriados
Dithmenos
Elyvilon
Fedhas
Gozag
Hepliaklqana
Kikubaaqudgha
Makhleb
Nemelex Xobeh
Okawaru
Qazlal
Ru
Sif Muna
Trog
Uskayaw
Vehumet
Wu Jian
Xom
Yredelemnul
Zin
The Shining One

Shops:
D:1 !   D:5 *

Annotations:
D:10 Pooter's ghost, journeyman MiHu


Innate Abilities, Weirdness & Mutations

You are immune to sickness and miasma.
You are immune to poison.
Your flesh is very heat resistant. (rF++)
You are vulnerable to cold. (rC-)
You float through the air rather than walking.
You learn spells naturally, not from books.
Your magical power is your life essence.
You have superior vitality. (+4 MHP)


Message History

Unknown command.
Casting: Olgreb's Toxic Radiance (safe; 1% risk of failure)
Confirm with . or Enter, or press ? or * to list all spells.
Aiming: Magic Dart (safe; 0% risk of failure)
Press: ? - help, Shift-Dir - straight line, f - wraith
Aim: a wraith (100% to hit)
The magic dart hits the wraith.
The wraith is lightly damaged.
Unknown command.
Casting: Magic Dart (safe; 0% risk of failure)
Confirm with . or Enter, or press ? or * to list all spells.
Aiming: Fulminant Prism (safe; 1% risk of failure)
Press: ? - help, Dir - move target, p - wraith You conjure a prism of explosive energy!
A fulminant prism comes into view.
Your toxic aura wanes.
The wraith hits you. The wraith drains your vigour!
You feel yourself slow down.
The shadow strikes at your fulminant prism from the darkness!
Your fulminant prism detonates feebly.
The wraith attacks as you move away! The wraith hits you.
The wraith drains your vigour!
You feel as though you will be slow longer.
The wraith hits you but does no damage.
Casting: Fulminant Prism (safe; 1% risk of failure)
Confirm with . or Enter, or press ? or * to list all spells.
Aiming: Fulminant Prism (safe; 1% risk of failure)
Press: ? - help, Dir - move target You conjure a prism of explosive energy!
A fulminant prism comes into view.
The wraith hits you!
The shadow strikes at you from the darkness!
* * * LOW HITPOINT WARNING * * *
Reactivating autopickup.
The wraith hits you.
* * * LOW HITPOINT WARNING * * *
The wraith drains your vigour!
You feel as though you will be slow longer.
The wraith hits you!
You die...

*** ************ **,**
*,,,,,,,,,,*****##,*,**
*,***,,,,,,,,,,,,.#*#,* *,*
*,***#,*******.#.** ###### *,*
*,* #.########.#* #.....
**,***.####.#W@...##.#####.####
***,,,**......)W###.##...........
*,,,,,,,..###.#*# #..............
*,*,,,**,** #.#.###.##.##.#######
*,**,***.#**#,#)..).##.##.#
*,**,,,,..,,,,###)####.##.# ***#
*,******.#***** #)# #.##.#***,,.
*,* ##.########.# #.....,,,,*#
*,* #..#........#######.#*****


You could see a wraith (ally target), a shadow and a friendly fulminant prism.

Vanquished Creatures
  Josephine (D:10)
  3 two-headed ogres
  A skeletal warrior (D:10)
  A cyclops (D:7)
  2 centaur skeletons (D:10)
  A kobold demonologist (D:7)
  Psyche (D:8)
  3 trolls
  A flying skull (D:10)
  2 wraiths
  4 spriggans (Bailey)
  A shadow (D:10)
  Eustachio (D:5)
  Grum (D:10)
  3 steam dragons
  A water moccasin (D:4)
  2 acid dragons
  2 ice beasts
  5 orc warriors
  A sky beast (D:6)
  2 black bears
  6 wolves (D:10)
  7 ogres
  3 centaurs
  3 phantoms
  2 kobold brigands
  2 scorpions
  4 bullfrogs
  3 gnoll sergeants
  16 wights
  11 killer bees
  2 electric eels (D:10)
  2 jellies
  2 bullfrog zombies (Ossuary)
  8 hounds
  3 orc priests
  2 centaur zombies (Ossuary)
  2 gnoll shamans
  5 iguanas
  Terence (D:2)
  5 orc wizards
  5 mummies
  2 howler monkey zombies
  9 adders
  37 gnolls
  A howler monkey skeleton (D:10)
  A shadow imp (D:5)
  A white imp (D:7)
  An ufetubus (D:6)
  3 worms
  6 dart slugs
  34 orcs
  8 ball pythons
  2 endoplasms
  3 giant cockroaches
  3 hobgoblins
  8 jackals
  4 quokkas
  5 bats (D:1)
  A frilled lizard (D:3)
  14 goblins
  19 kobolds
  2 rats
  A spectral orc (D:3)
298 creatures vanquished.

Vanquished Creatures (others)
  A butterfly (D:3)
  82 fulminant prisms
  2 fungi (D:2)
  2 plants (D:4)
  8 withered plants (Ossuary)
95 creatures vanquished.

Grand Total: 393 creatures vanquished

Notes
Turn   | Place    | Note
-------+----------+-------------------------------------------
     0 | D:1      | ders the Djinni Conjurer began the quest for the Orb.
     0 | D:1      | Reached XP level 1. HP: 15/15 MP: 0/0
   170 | D:1      | Found Qirre's Distillery.
   276 | D:1      | Reached XP level 2. HP: 19/21 MP: 0/0
  1193 | D:2      | Reached XP level 3. HP: 24/25 MP: 0/0
  1193 | D:2      | Learned a level 1 spell: Slow
  1250 | D:2      | Noticed Terence
  1251 | D:2      | Reached skill level 4 in Spellcasting
  1711 | D:2      | Found a faded altar of an unknown god.
  2162 | D:2      | Reached XP level 4. HP: 4/31 MP: 0/0
  2618 | D:2      | Killed Terence
  2743 | D:2      | Reached XP level 5. HP: 13/35 MP: 0/0
  2743 | D:2      | Learned a level 2 spell: Poisonous Vapours
  3305 | D:3      | Reached skill level 5 in Spellcasting
  3743 | D:3      | Found a basalt altar of Yredelemnul.
  4152 | D:3      | Reached XP level 6. HP: 30/40 MP: 0/0
  4426 | D:3      | Found an ornate altar of the Wu Jian Council.
  4519 | D:3      | Found a white marble altar of Elyvilon.
  4543 | D:3      | You are sucked into a shaft and drop 3 floors!
  4555 | D:6      | Noticed an ice beast
  4620 | D:5      | Entered Level 5 of the Dungeon
  5140 | D:4      | Reached skill level 6 in Spellcasting
  5140 | D:4      | Reached XP level 7. HP: 26/45 MP: 0/0
  5140 | D:4      | Learned a level 3 spell: Frozen Ramparts
  5442 | D:4      | Found a staircase to the Ecumenical Temple.
  5453 | Temple   | Entered the Ecumenical Temple
  6001 | D:4      | Found a snail-covered altar of Cheibriados.
  6248 | D:4      | Noticed a water moccasin
  6254 | D:4      | Killed a water moccasin
  6255 | D:4      | Reached skill level 7 in Spellcasting
  6622 | D:5      | Reached XP level 8. HP: 37/50 MP: 0/0
  6654 | D:5      | Noticed Eustachio
  6661 | D:5      | Killed Eustachio
  6666 | D:5      | Reached skill level 8 in Spellcasting
  7298 | D:5      | Found a broken altar of Ashenzari.
  7304 | D:5      | Found a shimmering altar of Xom.
  7884 | D:5      | Reached XP level 9. HP: 50/55 MP: 0/0
  7884 | D:5      | Learned a level 4 spell: Olgreb's Toxic Radiance
  8205 | D:5      | Became a worshipper of Ashenzari the Shackled
  8267 | D:5      | Found Jukat's Assorted Antiques.
  8275 | D:5      | Bought a dented jade amulet for 115 gold pieces
  8336 | D:5      | Reached skill level 9 in Spellcasting
  9122 | D:6      | Reached skill level 10 in Spellcasting
  9996 | D:7      | Reached XP level 10. HP: 51/60 MP: 0/0
 10163 | D:7      | Found a sand-covered staircase.
 10169 | Ossuary  | Entered an ossuary
 10226 | Ossuary  | Reached skill level 11 in Spellcasting
 11218 | D:7      | Noticed a cyclops
 11347 | D:7      | Killed a cyclops
 11402 | D:7      | Noticed a kobold demonologist
 11411 | D:7      | Killed a kobold demonologist
 11412 | D:7      | Reached skill level 12 in Spellcasting
 11807 | D:8      | Noticed Psyche
 11814 | D:8      | Killed Psyche
 12349 | D:9      | Noticed a two-headed ogre
 12355 | D:9      | Killed a two-headed ogre
 12356 | D:9      | Reached XP level 11. HP: 53/65 MP: 0/0
 12356 | D:9      | Learned a level 5 spell: Agony
 12483 | D:9      | Noticed a two-headed ogre
 12496 | D:9      | Killed a two-headed ogre
 12497 | D:9      | Reached skill level 13 in Spellcasting
 13298 | D:10     | Entered Level 10 of the Dungeon
 13418 | D:10     | Found a flagged portal.
 13425 | Bailey   | Entered a bailey
 13612 | Bailey   | Noticed a two-headed ogre
 13621 | Bailey   | Killed a two-headed ogre
 13740 | D:10     | Noticed Pooter's ghost (journeyman MiHu)
 13740 | D:10     | Noticed a skeletal warrior
 13741 | D:10     | Noticed a skeletal warrior
 13741 | D:10     | Noticed a lich
 13742 | D:10     | Noticed a deep elf pyromancer
 13742 | D:10     | Noticed a necromancer
 13743 | D:10     | Noticed a deep troll
 13782 | D:10     | Reached skill level 14 in Spellcasting
 13976 | D:10     | Found a staircase to the Lair.
 14086 | D:10     | Noticed Grum
 14096 | D:10     | Killed Grum
 14097 | D:10     | Reached XP level 12. HP: 47/70 MP: 0/0
 14186 | D:10     | Found a blossoming altar of Fedhas.
 14242 | D:10     | Noticed a skeletal warrior
 14270 | D:10     | Killed a skeletal warrior
 14397 | D:10     | Noticed Josephine
 14404 | D:10     | Killed Josephine
 14418 | D:10     | Slain by a wraith

Illustrated notes

Levels and vault maps discovered:
D:1:      saegor_arrival_under_anarchy, layout_basic, serial_shops,
          nicolae_shop_advertising_works [nicolae_subvault_shop_adworks]
D:2:      layout_basic, chequers_ecumenical_altar_simple_redux,
          dreamdust_mushroom_princess, minmay_octomino_c4, uniq_terence
D:3:      layout_rooms, nicolae_elyvilon_peaceful_grove,
          yredelemnul_forgotten_temple_becter, nzn_wu_jian_council_hall
D:4:      cheibrodos_old_hovel, layout_loops_corners, slow_altar_2,
          minmay_temple_entry_grid, st_stairs_3, eino_tiny_chamber
D:5:      layout_gridville, mainiacjoe_overflow_catwalk_spiral, serial_shops,
          nicolae_lakefront_shop, grunt_tough_drop, uniq_eustachio
D:6:      layout_rooms
D:7:      minmay_slanted_spiral_squares, layout_rooms, enter_ossuary_5
D:8:      layout_gridville, uniq_psyche
D:9:      layout_roguey, serial_co_window_serial, co_window_paths_b,
          co_window_of_opportunity_a, co_window_paths_a, co_window_paths_a,
          co_window_paths_a, co_window_broadway_b, co_window_corner_b,
          co_window_of_opportunity_b, co_window_4corner_a, glass_columns_a,
          glass_columns_b, glass_columns_a, glass_columns_a, glass_columns_a
D:10:     hangedman_screamer, layout_loops_ring, fedhas_altar_2,
          erik_lair_island, enter_bailey_3, muffindrake_ghost_dual_entry,
          serial_glass, glass_columns_c, glass_columns_a, uniq_grum
Temple:   regret_index_temple_waves

Skill      XL: |  1  2  3  4  5  6  7  8  9 10 11 |
---------------+----------------------------------+-----
Spellcasting   | 4 5 6 7 8 10 12 14 | 14.8
Dodging        | |  2.1
Stealth        | |  1.5

Action                   |  1- 3 |  4- 6 |  7- 9 | 10-12 || total
-------------------------+-------+-------+-------+-------++-------
Melee: Staff             |       |       |       |     2 ||     2
 Cast: Magic Dart        |    83 |    63 |    99 |   106 ||   351
       Searing Ray       |     5 |    15 |     5 |     3 ||    28
       Slow              |     5 |     1 |       |       ||     6
       Fulminant Prism   |       |     6 |    33 |    44 ||    83
       Iskenderun's Myst |       |     7 |    19 |    57 ||    83
       Poisonous Vapours |       |       |     2 |       ||     2
       Olgreb's Toxic Ra |       |       |    22 |    77 ||    99
Invok: Curse Item        |       |       |       |     1 ||     1
  Use: Scroll            |       |       |     6 |     6 ||    12
Armor: Robe              |     1 |     1 |     3 |       ||     5
       Troll leather arm |       |       |       |    33 ||    33
Dodge: Dodged            |     9 |     8 |    13 |    61 ||    91

Table legend: (Time is in decaauts)
 A = Elapsed time spent in this place.
 B = Non-inter-level travel time spent in this place.
 C = Inter-level travel time spent in this place.
 D = Time resting spent in this place.
 E = Time spent auto-exploring this place.
 F = Levels seen in this place.
 G = Mean time per level.
                   A        B        C        D        E       F      G
               +--------+--------+--------+--------+--------+-----+--------+
         Total |  14422 |  13727 |    695 |   4043 |   7973 |  13 | 1109.4 |
       Dungeon |  13641 |  12973 |    668 |   3707 |   7728 |  10 | 1364.1 |
        Temple |    102 |     75 |     27 |      0 |     66 |   1 |  102.0 |
       Ossuary |    401 |    401 |      0 |    296 |     39 |   1 |  401.0 |
        Bailey |    276 |    276 |      0 |     40 |    140 |   1 |  276.0 |
               +--------+--------+--------+--------+--------+-----+--------+

Top non-repeatable levels by time:
     D:2: 2079 daAuts
     D:5: 1976 daAuts
     D:4: 1909 daAuts
     D:1: 1518 daAuts
     D:6: 1351 daAuts
     D:7: 1277 daAuts
     D:9: 1000 daAuts
     D:3: 945 daAuts
    D:10: 844 daAuts
     D:8: 738 daAuts
 Ossuary: 401 daAuts
  Bailey: 276 daAuts
  Temple: 102 daAuts
